 Dungeon Crawl Stone Soup version 0.30-a0-802-gb92711bcdf (webtiles) character file.

Game seed: 17341216569800307621

106 bande the Trooper (level 4, -1/29 HPs)
             Began as a Gargoyle Fighter on Feb 25, 2023.
             Killed by divine providence
             ... invoked by an orc priest
              (16 damage)
             ... on level 3 of the Dungeon.
             The game lasted 00:02:33 (1734 turns).

bande the Trooper (Gargoyle Fighter)                Turns: 1734, Time: 00:02:34

Health: -1/29      AC: 12    Str: 19    XL:     4   Next: 84%
Magic:  4/4        EV:  9    Int:  9    God:
Gold:   64         SH:  4    Dex: 11    Spells: 3/3 levels left

rFire   . . .      SeeInvis .    a - +0 war axe
rCold   . . .      Faith    .    c - +0 buckler
rNeg    + . .      Spirit   .    b - +0 scale mail
rPois   ∞          Reflect  .    (no helmet)
rElec   +          Harm     .    (no cloak)
rCorr   .          Rampage  .    (no gloves)
Will    .....                    m - +1 pair of boots Stlth
                                 f - amulet of regeneration
HPRegen 1.04/turn                (no ring)
MPRegen 0.09/turn                (no ring)

@: no status effects
A: sickness immunity, AC +3, negative energy resistance 1, electricity
resistance, torment resistance 1, petrification resistance
a: no special abilities


You were on level 3 of the Dungeon.
You visited 1 branch of the dungeon, and saw 3 of its levels.

You collected 64 gold pieces.

Inventory:

Hand Weapons
 a - a +0 war axe (weapon)
Armour
 b - a +0 scale mail (worn)
 c - a +0 buckler (worn)
 m - a +1 pair of boots (worn)
Jewellery
 f - an amulet of regeneration (around neck)
Potions
 d - a potion of might
 e - a potion of heal wounds {unknown}
 g - a potion of magic {unknown}
 i - a potion of ambrosia {unknown}
 j - 2 potions of haste
 k - a potion of curing {unknown}


   Skills:
 + Level 3.9 Fighting
 + Level 3.2 Axes
 + Level 3.8 Armour
 + Level 3.8 Shields


You had 3 spell levels left.
You didn't know any spells.
Your spell library contained the following spells:

 Spells                   Type           Power      Damage    Failure   Level
 Beastly Appendage        Tmut           0%         N/A       83%         1
 Wereblood                Tmut           0%         N/A       93%         2
 Spider Form              Tmut/Pois      0%         N/A       99%         3


Dungeon Overview and Level Annotations

Branches:
Dungeon (3/15)

Altars:


Innate Abilities, Weirdness & Mutations

You are immune to sickness and miasma.
Your stone body is resilient. (AC +3)
You are immune to poison.
You resist negative energy. (rN+)
You are resistant to electric shocks. (rElec)
You are resistant to unholy torment.
You are immune to petrification.


Message History

You barely miss the orc. The orc hits you but does no damage.
The orc priest hits you but does no damage.
The orc priest barely misses you. You block the orc's attack.
You hit the orc priest.
You kill the orc priest!
You hit the orc priest. You closely miss the orc wizard. You slash the orc!
You kill the orc!
The orc priest hits you but does no damage.
The orc wizard barely misses you.
Your Axes skill increases to level 3!
You barely miss the orc priest.
The orc priest is lightly wounded.
You hit the orc wizard. You barely miss the orc.
The orc priest hits you but does no damage.
The orc hits you but does no damage. The orc wizard closely misses you.
You hit the orc wizard.
The orc wizard is moderately wounded.
You hit the orc.
You kill the orc!
You closely miss the orc priest.
The orc priest invokes the aid of Beogh against you.
Beogh smites you! The orc wizard closely misses you.
The orc priest mumbles some strange prayers to Beogh against you.
You barely resist.
The orc wizard hits you but does no damage.
You are too injured to fight recklessly!
You are too injured to fight recklessly!
You are too injured to fight recklessly!
You are too injured to fight recklessly!
You are too injured to fight recklessly!
You are too injured to fight recklessly!
You are too injured to fight recklessly!
You are too injured to fight recklessly!
You barely miss the orc priest.
The orc priest is lightly wounded.
You hit the orc wizard.
The orc priest invokes the aid of Beogh against you.
Beogh smites you!
Ouch! That really hurt!
You die...

#######
#########.....#
####.............#
...........†....#
#...##.#.#.....# #..
#.#.#........
..#...##.#.####.####
......o@.#.# .#
......))o#.# .#
.........#..
###...#.....
#....###. #.... ..
####. .. ##
........$ .#.......#


You could see an orc priest and an orc wizard.

Vanquished Creatures
  An orc priest (D:3)
  An adder (D:3)
  2 worms
  2 dart slugs
  2 orcs (D:3)
  7 bats
  6 endoplasms
  2 giant cockroaches
  2 goblins (D:2)
  4 hobgoblins
  5 jackals
  3 quokkas
  6 ball pythons
  A frilled lizard (D:1)
  5 kobolds
  5 rats (D:1)
54 creatures vanquished.

Notes
Turn   | Place    | Note
-------+----------+-------------------------------------------
     0 | D:1      | bande the Gargoyle Fighter began the quest for the Orb.
     0 | D:1      | Reached XP level 1. HP: 14/14 MP: 1/1
   269 | D:1      | Reached XP level 2. HP: 19/19 MP: 2/2
   485 | D:1      | Reached XP level 3. HP: 24/24 MP: 3/3
  1701 | D:3      | Reached XP level 4. HP: 29/29 MP: 4/4
  1734 | D:3      | Killed from afar by an orc priest

Illustrated notes

Levels and vault maps discovered:
D:1:      dpeg_arrival_central, layout_basic
D:2:      layout_loops_ring
D:3:      layout_loops_ring, amethyst_overflow_temple_binary

Skill      XL: |  1  2  3  4 |
---------------+-------------+-----
Axes           | 2 3 |  3.2
Fighting       | |  3.9
Armour         | |  3.8
Shields        | |  3.8

Action                     |  1- 3 |  4- 6 || total
---------------------------+-------+-------++-------
  Melee: War axe           |   143 |    19 ||   162
    Use: Scroll            |       |     3 ||     3
 Armour: Scale mail        |    81 |    15 ||    96
  Dodge: Dodged            |    92 |     7 ||    99
  Block: Buckler           |    31 |     4 ||    35

Table legend: (Time is in decaauts)
 A = Elapsed time spent in this place.
 B = Non-inter-level travel time spent in this place.
 C = Inter-level travel time spent in this place.
 D = Time resting spent in this place.
 E = Time spent auto-exploring this place.
 F = Levels seen in this place.
 G = Mean time per level.
                   A        B        C        D        E       F      G
               +--------+--------+--------+--------+--------+-----+--------+
         Total |   1801 |   1775 |     26 |    156 |   1167 |   3 |  600.3 |
       Dungeon |   1801 |   1775 |     26 |    156 |   1167 |   3 |  600.3 |
               +--------+--------+--------+--------+--------+-----+--------+

Top non-repeatable levels by time:
     D:1: 1094 daAuts
     D:2: 642 daAuts
     D:3: 63 daAuts
